 Dungeon Crawl Stone Soup version 0.26-a0-720-g2a1d101370 (webtiles) character file.

Game seed: 5384046993464502440

67 lunkers the Skirmisher (level 4, -1/37 HPs)
             Began as a Demonspawn Fighter on Nov 2, 2020.
             Killed from afar by Sigmund (9 damage)
             ... with a magic dart
             ... on level 2 of the Dungeon.
             The game lasted 00:02:13 (1334 turns).

lunkers the Skirmisher (Demonspawn Fighter)         Turns: 1334, Time: 00:02:13

Health: -1/37      AC:  7    Str: 18    XL:     4   Next: 0%
Magic:  4/4        EV:  7    Int:  9    God:
Gold:   57         SH:  8    Dex: 12    Spells: 3/3 levels left

rFire    . . .     SeeInvis .   a - +0 war axe
rCold    . . .     Faith    .   c - +0 kite shield
rNeg     . . .     Spirit   .   b - +0 scale mail
rPois    .         Reflect  .   (no helmet)
rElec    .         Harm     .   (no cloak)
rCorr    .         Rampage  .   (no gloves)
MR       .....                  j - +0 pair of boots
Stlth    ..........             (no amulet)
HPRegen  0.12/turn              i - ring of wizardry
MPRegen  0.09/turn              (no ring)

@: no status effects
A: claws 1
a: no special abilities


You were on level 2 of the Dungeon.
You visited 1 branch of the dungeon, and saw 2 of its levels.

You collected 57 gold pieces.

Inventory:

Hand Weapons
 a - a +0 war axe (weapon)
Armour
 b - a +0 scale mail (worn)
 c - a +0 kite shield (worn)
 j - a +0 pair of boots (worn)
Jewellery
 i - a ring of wizardry (left claw)
Scrolls
 e - 6 scrolls of identify {unknown}
 f - 6 scrolls of remove curse {unknown}
 h - a scroll of immolation {unknown}
Potions
 d - 2 potions of might
 g - 2 potions of curing {unknown}


   Skills:
 + Level 3.7 Fighting
 * Level 3.3 Axes
 - Level 2.6 Armour
 - Level 2.6 Shields


You had 3 spell levels left.
You didn't know any spells.
Your spell library was empty.

Dungeon Overview and Level Annotations

Branches:
Dungeon (2/15)

Altars:

Annotations:
D:2 Sigmund


Innate Abilities, Weirdness & Mutations

You have sharp fingernails.


Message History

Sigmund hits you with a +0 scythe.
* * * LOW HITPOINT WARNING * * *
You closely miss Sigmund.
Sigmund is severely wounded.
Sigmund points at you and mumbles some strange words.
The puff of flame hits you.
* * * LOW HITPOINT WARNING * * *
Sigmund completely misses you.
You slash Sigmund!
Sigmund is almost dead.
You block Sigmund's attack.
You closely miss Sigmund.
Sigmund is almost dead.
Sigmund hits you with a +0 scythe!
* * * LOW HITPOINT WARNING * * *
You closely miss Sigmund.
Sigmund is almost dead.
Sigmund gestures at you while chanting. The magic dart hits you!
You die...

#.# #. #.# #. #.# #.
#.# #. #.# #) #.#
##.## #.#
#####.).######.#
......@@..##...#
.####...#.##..##
##.##.###.# #.##.#
#.##########
#.##.###.##........
##.##..........#####
#....)....##.#.#
#..##..##.##.#.#
#..##..##.##.#.#


You could see Sigmund.

Vanquished Creatures
  An adder (D:2)
  A dart slug (D:1)
  3 worms (D:2)
  A leopard gecko (D:2)
  5 giant cockroaches
  4 goblins
  12 hobgoblins
  A ball python (D:1)
  5 bats
  3 frilled lizards (D:2)
  6 kobolds
  3 rats (D:1)
45 creatures vanquished.

Notes
Turn   | Place    | Note
-------+----------+-------------------------------------------
     0 | D:1      | lunkers the Demonspawn Fighter began the quest for the Orb.
     0 | D:1      | Reached XP level 1. HP: 18/18 MP: 1/1
   124 | D:1      | Gained mutation: You have sharp fingernails. [demonic
                  | ancestry]
   124 | D:1      | Reached XP level 2. HP: 23/24 MP: 2/2
   548 | D:1      | Reached XP level 3. HP: 26/29 MP: 3/3
  1262 | D:2      | Reached XP level 4. HP: 33/37 MP: 4/4
  1314 | D:2      | Noticed Sigmund
  1334 | D:2      | Killed from afar by Sigmund

Illustrated notes

Levels and vault maps discovered:
D:1:      elethiomel_arrival_maze, layout_rooms, st_stairs_4
D:2:      layout_loops_ring, uniq_sigmund

Skill      XL: |  1  2  3 |
---------------+----------+-----
Axes           | 2 3 |  3.3
Fighting       | |  3.7
Armour         | |  2.6
Shields        | |  2.6

Action                   |  1- 3 |  4- 6 || total
-------------------------+-------+-------++-------
Melee: War axe           |   114 |    18 ||   132
Armor: Scale mail        |    59 |     2 ||    61
Dodge: Dodged            |    33 |     4 ||    37
Block: Kite shield       |    54 |     2 ||    56

Table legend: (Time is in decaauts)
 A = Elapsed time spent in this place.
 B = Non-inter-level travel time spent in this place.
 C = Inter-level travel time spent in this place.
 D = Time resting spent in this place.
 E = Time spent auto-exploring this place.
 F = Levels seen in this place.
 G = Mean time per level.
                   A        B        C        D        E       F      G
               +--------+--------+--------+--------+--------+-----+--------+
         Total |   1391 |   1373 |     18 |      0 |   1055 |   2 |  695.5 |
       Dungeon |   1391 |   1373 |     18 |      0 |   1055 |   2 |  695.5 |
               +--------+--------+--------+--------+--------+-----+--------+

Top non-repeatable levels by time:
     D:1: 714 daAuts
     D:2: 677 daAuts
